 Dungeon Crawl Stone Soup version 0.29-a0-378-gc08b2e8bf8 (webtiles) character file.

Game seed: 11777622388738898558

120 Kenran the Ruffian (level 4, 0/35 HPs)
             Began as a Demonspawn Fighter on May 4, 2022.
             Killed by nerve-wracking pain
             ... invoked by Menkaure
              (6 damage)
             ... on level 4 of the Dungeon.
             The game lasted 00:03:34 (2054 turns).

Kenran the Ruffian (Demonspawn Fighter)             Turns: 2054, Time: 00:03:34

Health: 0/35       AC:  6    Str: 18    XL:     4   Next: 75%
Magic:  4/4        EV:  9    Int:  9    God:
Gold:   62         SH:  4    Dex: 13    Spells: 3/3 levels left

rFire   + . .      SeeInvis .     - Unarmed
rCold   + . .      Faith    .   b - +0 buckler
rNeg    . . .      Spirit   .   a - +0 scale mail
rPois   +          Reflect  .   (no helmet)
rElec   +          Harm     .   (no cloak)
rCorr   +          Rampage  .   (no gloves)
Will    .....                   (no boots)
Stlth   ..........              (no amulet)
HPRegen 0.11/turn               (no ring)
MPRegen 0.09/turn               (no ring)

@: mighty, resistant
A: weakness stinger 1
a: no special abilities


You were on level 4 of the Dungeon.
You visited 1 branch of the dungeon, and saw 3 of its levels.

You collected 62 gold pieces.

Inventory:

Missiles
 h - 5 poisoned darts (quivered)
 i - 51 stones
Armour
 a - a +0 scale mail (worn)
 b - a +0 buckler (worn)
Jewellery
 m - a ring of ice
Scrolls
 e - 4 scrolls of identify {unknown}
 f - a scroll of enchant weapon {unknown}
 g - a scroll of summoning {unknown}
 k - a scroll of enchant armour {unknown}
Potions
 c - a potion of might
 d - a potion of curing {unknown}
 j - a potion of resistance
 l - a potion of haste {unknown}


   Skills:
 - Level 3.0 Fighting
 - Level 3.0 Armour
 - Level 3.0 Shields
 * Level 4.2 Unarmed Combat


You had 3 spell levels left.
You didn't know any spells.
Your spell library contained the following spells:

 Spells                   Type           Power      Damage    Failure   Level
 Foxfire                  Conj/Fire      0%         2x1d4     86%         1
 Summon Small Mammal      Summ           0%         N/A       86%         1
 Call Canine Familiar     Summ           0%         N/A       99%         3
 Conjure Flame            Conj/Fire      0%         6-21      99%         3
 Inner Flame              Hex/Fire       0%         N/A       99%         3
 Summon Guardian Golem    Hex/Summ       0%         N/A       99%         3
 Flame Wave               Conj/Fire      0%         2d4       100%        4


Dungeon Overview and Level Annotations

Branches:
Dungeon (2/15)

Altars:

Annotations:
D:4 Menkaure


Innate Abilities, Weirdness & Mutations

You have a small tail.


Message History

You hit the orc.
You kill the orc!
No target in view!
An endoplasm comes into view.
Things that are here:
a +0 short sword; a +0 leather armour; an orc corpse The endoplasm quivers.
You hit the endoplasm but do no damage. The endoplasm freezes you.
You are frozen.
You punch the endoplasm!
You kill the endoplasm!
No target in view!
No target in view!
An endoplasm comes into view.
The endoplasm jiggles.
You punch the endoplasm!
You kill the endoplasm!
No target in view!
No target in view!
Menkaure, Prince of Dust comes into view.
Menkaure shouts!
A quokka comes into view.
Menkaure mumbles some strange words.
Menkaure seems to speed up.
The quokka moves out of view.
You feel very mighty all of a sudden.
Menkaure calls on the powers of darkness!
Your body is wracked with pain!
The quokka convulses!
Menkaure gestures at you while chanting.
Pain shoots through your body!
You punch Menkaure!
Your tail-slap misses Menkaure.
Menkaure is heavily damaged.
Menkaure hits you.
* * * LOW HITPOINT WARNING * * *
Okay, then.
It was a potion of resistance.
You feel protected. Menkaure casts a spell at you.
Pain shoots through your body!
You die...

####################
#..................#
#..................#
#.......>..........#
#......r...........#
#......M@..........#
##..##.#####..##)..#
#... #.# #..##'###
... ... #.......# ..
M.... #.......# .
....... #.......#
.........#.......#
.M........#.......#
...........#.......#


You could see Menkaure (fast) and a quokka.

Vanquished Creatures
  A hound (D:4)
  A gnoll (D:1)
  3 adders
  A worm (D:2)
  A dart slug (D:1)
  4 orcs (D:4)
  3 ball pythons
  7 endoplasms
  A giant cockroach (D:2)
  4 goblins
  5 hobgoblins
  2 kobolds (D:1)
  2 quokkas (D:1)
  3 bats
  4 frilled lizards (D:1)
  2 rats
44 creatures vanquished.

Notes
Turn   | Place    | Note
-------+----------+-------------------------------------------
     0 | D:1      | Kenran the Demonspawn Fighter began the quest for the Orb.
     0 | D:1      | Reached XP level 1. HP: 18/18 MP: 1/1
    53 | D:1      | Reached skill level 2 in Unarmed Combat
   236 | D:1      | Gained mutation: You have a small tail. [demonic ancestry]
   236 | D:1      | Reached XP level 2. HP: 18/24 MP: 2/2
   475 | D:1      | Found a faded altar of an unknown god.
   516 | D:1      | Reached skill level 3 in Unarmed Combat
   583 | D:1      | Reached XP level 3. HP: 25/29 MP: 3/3
  1841 | D:2      | Reached XP level 4. HP: 33/35 MP: 4/4
  1919 | D:2      | You fall into a shaft and drop 2 floors!
  1930 | D:4      | Noticed a phantom
  1978 | D:4      | Reached skill level 4 in Unarmed Combat
  2043 | D:4      | Noticed Menkaure
  2054 | D:4      | Killed from afar by Menkaure

Illustrated notes

Levels and vault maps discovered:
D:1:      psy_arrival_spokes, layout_loops_cross,
          chequers_ecumenical_altar_grove, skrybe_limestone_x,
          minmay_misc_feat_ornament, minmay_misc_feat_more_columns, st_stairs_7,
          minmay_split_cup_large
D:2:      layout_rooms
D:4:      layout_gridville, mainiacjoe_overflow_boulevard,
          ebering_ghost_sewer_f, uniq_menkaure

Skill      XL: |  1  2  3  4 |
---------------+-------------+-----
Unarmed Combat | 2 3 4 |  4.2
Armour         | 3 |  3.0
Shields        | 3 |  3.0
Fighting       | |  3.0

Action                   |  1- 3 |  4- 6 || total
-------------------------+-------+-------++-------
Melee: Unarmed           |   101 |    36 ||   137
       Tailslap          |     9 |     7 ||    16
  Use: Potion            |       |     2 ||     2
Armor: Scale mail        |    27 |     9 ||    36
Dodge: Dodged            |    28 |    10 ||    38
Block: Buckler           |    11 |     7 ||    18

Table legend: (Time is in decaauts)
 A = Elapsed time spent in this place.
 B = Non-inter-level travel time spent in this place.
 C = Inter-level travel time spent in this place.
 D = Time resting spent in this place.
 E = Time spent auto-exploring this place.
 F = Levels seen in this place.
 G = Mean time per level.
                   A        B        C        D        E       F      G
               +--------+--------+--------+--------+--------+-----+--------+
         Total |   2053 |   2009 |     44 |    594 |    980 |   3 |  684.3 |
       Dungeon |   2053 |   2009 |     44 |    594 |    980 |   3 |  684.3 |
               +--------+--------+--------+--------+--------+-----+--------+

Top non-repeatable levels by time:
     D:1: 1365 daAuts
     D:2: 553 daAuts
     D:4: 134 daAuts
